Unix NetHack Version 5.0.0-0 post-release - last build Jun 10 2026 00:39:30 (3ee93aec679c4c4259841fe613dc97188e26a321,branch:main).

Game began 2026-06-14 07:40:31, ended 2026-06-14 09:10:45.

LDaviesPeters, neutral female human Archeologist

                    ---       -------            --------              -----
      ----         |.(..................*..........(*....--          ---.|.---
      |..|         |.----------------#-----------.------..--      ----.......|
      |..|         |.|.............................`  .|...---- ---.|........|
      |.-          |.*.-------------..`...------------.|......---...........-
      |.|          |.|.|...|...|...|......|..|(./|...|.|..........>...--....--
---- --.--   -------.#.|...|.(.....|......-[[|..`|...|.|..........--.----....|
|..| |...|   |.......|.|...|.......|......|..|`..|...|.#........----.----...--
|..| |..--   |.......|.|...|...--|--.`....-----|---|--.|.....---- |...--....--
|.- --..--   --......|.--|---|--.......................|.....|    |..........--
|.--|....--   |......|.).[..........{.....q..{.........|..----    --.|........|
|..||.....|  ---[....|[--|---|--.....--..@--...........|.--     ----.|-.......|
--.|-.....----.......|.|*..|%.%|----.|.....|.------|--.|.|      |....||.....---
 |.|..--.|...*.......|.|.``|.`.|...|.|.....|.|..|....|.|.|   ----.-----.....|
 |...--|.|%---.......|.|/..|.........|.._..|.-.(|....|.|.|   |....|  |......|
 -.--- |.|.| --..--..|.|..(|.......|.|.`...|.|..|..`.|.|.|   |..---  --....--
|..|   |<|.|  ------.|.-------------.-------.---------.|.|   ----     ---.--
|..|   -...|       |...................................#.|              ---
|..|  |..---       |.-----------#------------#----------.|
|..|  |..|         |`.*.....[..%*........................|
----  ----          --------------------------------------
LDaviesPeters the Investigator  St:25 Dx:14 Co:15 In:14 Wi:14 Ch:10  Neutral
Dlvl:6  $:0  HP:0(61) Pw:40(40) AC:7  Xp:8 T:7519 

Latest messages:
 What do you want to wield? [- anpsuN or ?*] n
 n - a blessed silver saber named Grayswandir (weapon in right hand).
 You see here 27 rocks.
 You miss npexception's ghost.
 You miss npexception's ghost.
 You miss npexception's ghost.
 You miss npexception's ghost.
 You hit npexception's ghost!
 Npexception's ghost touches you!
 You hit npexception's ghost!
 Npexception's ghost touches you!
 You destroy npexception's ghost!
 There is a grave here.
 Something is engraved here on the headstone.
 You read: "npexception, killed by a blast of acid exhaled by a chameleon imitating a yellow dragon".
 There are many objects here.
 $ - 707 gold pieces.
 What do you want to use or apply? [abfgklpuB or ?*] b
 You put 707 gold pieces into the sack.
 You have a little trouble lifting a copper wand.  Continue? [ynq] (q) y
 You have a little trouble lifting r - a copper wand.
 t - an iridium wand.
 v - a long wand.
 Your movements are slowed slightly because of your load.
 What do you want to use or apply? [abfgklprt-vB or ?*] b
 What do you want to drop? [a-ce-lnpr-yABD-FHJLNOQ-WY or ?*] b
 You drop an uncursed sack containing 24 items.
 Your movements are now unencumbered.
 You kill the blue jelly!
 You see here an uncursed sack containing 24 items.
 You have a little trouble lifting an uncursed sack containing 24 items.  Continue? [ynq] (q) y
 You have a little trouble lifting b - an uncursed sack containing 24 items.
 Your movements are slowed slightly because of your load.
 Pick a monster, object or location.
 q        a quadruped (mumak)
 What do you want to drop? [a-ce-lnpr-yABD-FHJLNOQ-WY or ?*] b
 You drop an uncursed sack containing 24 items.
 Your movements are now unencumbered.
 You miss the mumak.
 The mumak butts!
 The mumak bites!
 You miss the mumak.
 You hit the mumak!
 The mumak butts!
 You die...
 Do you want your possessions identified? [ynq] (y) y
 Do you want to see your attributes? [ynq] (y) y
 Do you want an account of creatures vanquished? [ynaq] (y) n
 Do you want to see your conduct and achievements? [ynq] (y) y
 Do you want to see the dungeon overview? [ynq] (y) n

Inventory:
 Amulets  ('"')
  Q - an uncursed amulet of magical breathing (being worn)
 Weapons  (')')
  s - 6 +0 darts
  N - 3 +0 daggers (at the ready)
  a - a +2 bullwhip
  n - the blessed +3 Grayswandir (weapon in right hand)
 Armor    ('[')
  F - an uncursed +0 helm of brilliance (being worn)
  E - an uncursed +0 pair of gauntlets of power (being worn)
  e - an uncursed +0 mummy wrapping
  h - an uncursed +0 leather jacket (being worn)
 Comestibles  ('%')
  O - an uncursed food ration
  c - an uncursed pancake
  A - an uncursed homemade tin of gecko meat
 Scrolls  ('?')
  J - an uncursed scroll of teleportation
 Rings    ('=')
  V - an uncursed ring of cold resistance
  i - an uncursed ring of conflict
  y - an uncursed ring of fire resistance
  S - a blessed +1 ring of increase damage (on right hand)
  Y - an uncursed ring of levitation
  w - an uncursed ring of searching
  W - an uncursed ring of searching
  R - an uncursed ring of see invisible (on left hand)
  T - an uncursed ring of stealth
 Wands    ('/')
  r - a cursed wand of create monster (0:15)
  t - a cursed wand of magic missile (0:0)
  v - a wand of opening (0:5)
 Tools    ('(')
  k - an uncursed lock pick
  B - an uncursed magic whistle
  l - an uncursed oil lamp
  p - a +0 pick-axe
  f - a tinning kit (0:32)
  u - a +0 unicorn horn
 Gems/Stones  ('*')
  H - an uncursed agate stone
  x - 2 uncursed garnet stones
  L - an uncursed jet stone
  U - an uncursed ruby
  j - an uncursed topaz stone
  D - an uncursed luckstone
  g - an uncursed touchstone

LDaviesPeters the Archeologist's attributes:

Background:
 You were an Investigator, a level 8 female human Archeologist.
 You were neutral, on a mission for Camaxtli
 who was opposed by Quetzalcoatl (lawful) and Huhetotl (chaotic).
 You were right-handed.
 You were in the Gnomish Mines, on level 6.
 You entered the dungeon 7519 turns ago.
 There was a new moon in effect when your adventure ended.
 You had 2106 experience points, 454 more were needed to attain level 9.

Basics:
 You had 0 out of 61 hit points.
 You had all 40 energy points (spell power).
 Your armor class was 7.
 Your wallet was empty.
 Autopickup was off.

Final Characteristics:
 Your strength was 25 (base:7, peak:12, innate limit:18/100).
 Your dexterity was 14 (limit:18).
 Your constitution was 15 (limit:18).
 Your intelligence was 14 (limit:18).
 Your wisdom was 14 (limit:18).
 Your charisma was 10 (limit:18).

Final Status:
 You weren't hungry.
 You were unencumbered.
 You were wielding a saber.
 You had basic skill with saber and could have enhanced that.

Final Attributes:
 You were piously aligned.
 You resisted hallucinations.
 You saw invisible.
 You were telepathic.
 You had automatic searching.
 You were stealthy.
 You could survive without air.
 You had a small damage bonus (+1).
 You were lucky.
 You had extra luck.
 Bad luck did not time out for you.
 Good luck did not time out for you.
 You are dead.

Miscellaneous:
 You encountered 1 bones level.
 Total elapsed playing time was 1 hour, 30 minutes and 13 seconds.

Major events:
 Turn
    1: LDaviesPeters the neutral female human Archeologist entered the dungeon
  188: made her first wish - "blessed fixed +3 Grayswandir", got "a silver saber named Grayswandir"
 1568: entered the Gnomish Mines
 1572: attained the rank of Field Worker (level 3)
 4631: attained the rank of Investigator (level 6)
 6409: reached Mine Town
 7519: killed by a mumak

Spells:
 Name                 Level Category     Fail Retention
 create monster         2   clerical      97%   51%-75%
 knock                  1   matter        53%   51%-75%
 haste self             3   escape       100%   51%-75%

Skills:
 Fighting Skills
   bare handed combat [Unskilled]
   two weapon combat  [Unskilled]
   riding             [Unskilled]
 Weapon Skills
   dagger             [Unskilled]
   knife              [Unskilled]
   pick-axe           [Basic]
   short sword        [Unskilled]
   saber              [Basic]
   club               [Unskilled]
   quarterstaff       [Unskilled]
   sling              [Unskilled]
   dart               [Unskilled]
   boomerang          [Unskilled]
   whip               [Basic]
   unicorn horn       [Unskilled]
 Spellcasting Skills
   attack spells      [Unskilled]
   healing spells     [Unskilled]
   divination spells  [Unskilled]
   matter spells      [Unskilled]

Voluntary challenges:
 Character rerolling was not enabled.
 You never genocided any monsters.
 You never polymorphed an object.
 You never changed form.
 You used 1 wish (for an artifact).
Achievements:
 You entered a shop.
 You entered the Gnomish Mines.
 You attained the rank of Field Worker.
 You attained the rank of Investigator.
 You entered Minetown.

 The Dungeons of Doom: levels 1 to 7
    Level 1:
       A fountain, some graves.
    Level 2:
       A scroll shop.
    Level 3:
       A ring shop.
       Stairs down to The Gnomish Mines.
    Level 4:
       A fountain.
    Level 5:
       An altar to Camaxtli, some graves.
    Level 6:
       Many shops.
    Level 7:
       A fountain.
 The Gnomish Mines: levels 4 to 7
    Level 4:
    Level 5:
    Level 6: <- You were here.
       An altar, some fountains, a grave.
       Final resting place for
          you, killed by a mumak,
          npexception-Tou-Hum-Mal-Neu, killed by a blast of acid exhaled by a chameleon imitating a yellow dragon.
    Level 7:


Vanquished creatures:
  a ghost
 an ettin zombie
  a chameleon
  a giant beetle
  4 wolves
  3 leprechauns
  4 orc-captains
  a giant spider
  a blue jelly
  a white unicorn
  a dust vortex
  a human zombie
 14 Mordor orcs
 10 Uruk-hai
 an orc shaman
  a rock piercer
  a rock mole
  2 fog clouds
  2 yellow lights
  a shrieker
  6 gnome leaders
  2 gnomish wizards
  3 kobold mummies
  a straw golem
  a little dog
  2 floating eyes
  6 dwarves
  2 homunculi
  a kobold shaman
  6 hill orcs
  a giant bat
  a wererat
  a werejackal
  5 iguanas
  4 killer bees
 an acid blob
  2 coyotes
  2 hobbits
  3 large kobolds
  4 giant rats
  a cave spider
  a brown mold
  4 yellow molds
  a green mold
 17 gnomes
  a gnome zombie
  3 geckos
  2 jackals
  2 foxes
  3 goblins
  5 grid bugs
  2 bats
  4 lichens
  2 kobold zombies
 10 newts
164 creatures vanquished.

No species were genocided or became extinct.

Game over:
                       ----------
                      /          \
                     /    REST    \
                    /      IN      \
                   /     PEACE      \
                  /                  \
                  |  LDaviesPeters   |
                  |       0 Au       |
                  |   killed by a    |
                  |      mumak       |
                  |                  |
                  |                  |
                  |       2026       |
                 *|     *  *  *      | *
        _________)/\\_//(\/(/\)/\//\/|_)_______

Goodbye LDaviesPeters the Archeologist...

You died in The Gnomish Mines on dungeon level 6 with 8744 points,
and 0 pieces of gold, after 7519 moves.
You were level 8 with a maximum of 61 hit points when you died.

